 Dungeon Crawl Stone Soup version 0.29.1-2-gbd0b4ee654 (webtiles) character file.

Game seed: 8980574369431598596

99 qeuew the Poker (level 4, -5/35 HPs)
             Began as a Merfolk Gladiator on Nov 10, 2022.
             Slain by a gnoll
             ... wielding a +0 halberd
              (9 damage)
             ... on level 3 of the Dungeon.
             The game lasted 00:02:22 (1610 turns).

qeuew the Poker (Merfolk Gladiator)                 Turns: 1610, Time: 00:02:22

Health: -5/35      AC:  6    Str: 16    XL:     4   Next: 72%
Magic:  4/4        EV: 12    Int:  7    God:
Gold:   139        SH:  0    Dex: 15    Spells: 3/3 levels left

rFire   . . .      SeeInvis .   a - +0 trident
rCold   . . .      Faith    .   (no shield)
rNeg    . . .      Spirit   .   h - +0 ring mail
rPois   .          Reflect  .   c - +0 helmet
rElec   .          Harm     .   (no cloak)
rCorr   .          Rampage  .   (no gloves)
Will    .....                   (no boots)
Stlth   +.........              (no amulet)
HPRegen 0.11/turn               (no ring)
MPRegen 0.09/turn               (no ring)

@: no status effects
A: (nimble swimmer 2), mertail
a: no special abilities


You were on level 3 of the Dungeon.
You visited 1 branch of the dungeon, and saw 3 of its levels.

You collected 139 gold pieces.

Inventory:

Hand Weapons
 a - a +0 trident (weapon)
Missiles
 d - 3 throwing nets (quivered)
 e - a javelin
Armour
 c - a +0 helmet (worn)
 h - a +0 ring mail (worn)
Potions
 b - a potion of curing
 g - a potion of heal wounds
 l - a potion of brilliance


   Skills:
 + Level 3.0 Fighting
 + Level 4.8 Polearms
 + Level 2.7 Throwing
 + Level 1.1 Armour
 + Level 4.7 Dodging


You had 3 spell levels left.
You didn't know any spells.
Your spell library contained the following spells:

 Spells                   Type           Power      Damage    Failure   Level
 Gell's Gravitas          Tloc           0%         N/A       95%         3
 Teleport Other           Tloc           0%         N/A       95%         3
 Tukima's Dance           Hex            0%         N/A       95%         3
 Passage of Golubria      Tloc           0%         N/A       100%        4
 Yara's Violent Unravell  Hex/Tmut       0%         3d3       100%        5
 Dispersal                Tloc           0%         N/A       100%        6


Dungeon Overview and Level Annotations

Branches:
Dungeon (3/15)

Altars:


Innate Abilities, Weirdness & Mutations

((You are very nimble when in or above water. (Stealth+, EV+, Speed+++)))
Your lower body shifts to a powerful aquatic tail in water.


Message History

The gnoll is severely wounded.
You hit the gnoll.
The gnoll is almost dead.
The gnoll hits you with a +0 flail!
You hit the gnoll.
You kill the gnoll!
The gnoll closely misses you.
Your Fighting skill increases to level 3!
You reach to attack!
You puncture the gnoll!
You kill the gnoll!
You reach to attack!
You hit the gnoll but do no damage. The gnoll barely misses you.
You reach to attack!
You closely miss the gnoll.
The gnoll hits you from afar with a +0 halberd!
You are too injured to fight recklessly!
You are too injured to fight recklessly!
You are too injured to fight recklessly!
You are too injured to fight recklessly!
You are too injured to fight recklessly!
You are too injured to fight recklessly!
You are too injured to fight recklessly!
You are too injured to fight recklessly!
You are too injured to fight recklessly!
You are too injured to fight recklessly!
You are too injured to fight recklessly!
You are too injured to fight recklessly!
You are too injured to fight recklessly!
The gnoll hits you but does no damage.
You see here a +0 flail.
You puncture the gnoll!
The gnoll is almost dead.
The gnoll closely misses you.
You closely miss the gnoll.
The gnoll is almost dead.
The gnoll hits you with a +0 halberd!
* * * LOW HITPOINT WARNING * * *
You barely miss the gnoll.
The gnoll is almost dead.
The gnoll hits you with a +0 halberd!
You die...

#..# ##..#
#...# ...
?.. #.# #g#
#@# ##'##
##...##
##.....##
#.......##
#........†#
+........<+
#.........#
##.......##


You could see a gnoll.

Vanquished Creatures
  5 gnolls
  5 dart slugs
  3 ball pythons
  6 endoplasms
  2 giant cockroaches
  A goblin (D:2)
  A hobgoblin (D:1)
  A jackal (D:2)
  3 quokkas (D:2)
  3 bats
  3 frilled lizards
  2 kobolds
  6 rats
41 creatures vanquished.

Notes
Turn   | Place    | Note
-------+----------+-------------------------------------------
     0 | D:1      | qeuew the Merfolk Gladiator began the quest for the Orb.
     0 | D:1      | Reached XP level 1. HP: 16/16 MP: 1/1
   100 | D:1      | Reached XP level 2. HP: 23/23 MP: 2/2
   216 | D:1      | Found a faded altar of an unknown god.
   616 | D:2      | Reached XP level 3. HP: 28/28 MP: 3/3
   866 | D:2      | Reached XP level 4. HP: 34/34 MP: 4/4
   906 | D:2      | Reached skill level 1 in Armour
  1610 | D:3      | Slain by a gnoll

Illustrated notes

Levels and vault maps discovered:
D:1:      minmay_arrival_diagonal_passages, layout_rooms,
          basic_ecumenical_altar, hangedman_decor_slide_cut
D:2:      layout_basic, minmay_misc_feat_roman, minmay_cupped
D:3:      due_chaos_kobolds, layout_loops_corners, serial_shops, shop, uniq_ijyb

Skill      XL: |  1  2  3  4 |
---------------+-------------+-----
Armour         | 1 |  1.1
Fighting       | 3 |  3.0
Polearms       | |  4.8
Throwing       | |  2.7
Dodging        | |  4.7

Action                   |  1- 3 |  4- 6 || total
-------------------------+-------+-------++-------
Melee: Trident           |    61 |    41 ||   102
  Use: Scroll            |     2 |     4 ||     6
 Stab: Sleeping          |     2 |       ||     2
Armor: Leather armour    |     7 |       ||     7
       Ring mail         |     5 |    11 ||    16
Dodge: Dodged            |    26 |    25 ||    51
